TOP OF THE 1ST |
University of Arizona Wildcats batting - Pitching for University of South Carolina Gamecocks : RHP Sergio Silva
|
Pitching: RHP Sergio Silva
|
|
Batting: RHB Costantino Dolfini
|
0-0: Called Strike 0-1: Ground out 5-3 (Groundball, 56S, EV 84.4 MPH)
|
Batting: RHB Daniel Wise
|
0-0: SINGLE (Groundball, 25, EV 75.0 MPH) (infield hit)
|
Batting: SHB Eric Kelley
|
0-0: Ball 1-0: Ball Daniel Wise steals 2nd base 2-0: SINGLE (Line Drive, 9S, EV 94.4 MPH) Daniel Wise to third
|
Batting: RHB Ricky Aguilar
|
0-0: Ball 1-0: Foul Ball, location: 2F 1-1: Ball 2-1: Foul Ball, location: 2F 2-2: Ball 3-2: Base on Balls Eric Kelley to second
|
Batting: RHB Eric McClelland
|
0-0: Called Strike 0-1: Called Strike 0-2: Ball 1-2: Ball 2-2: Foul Ball, location: 2F 2-2: Ball 3-2: Base on Balls Daniel Wise scores Eric Kelley to third Ricky Aguilar to second
|
Batting: RHB Jorge Gonzales
|
0-0: Called Strike 0-1: Ball 1-1: Fly out, F8 (Flyball, 8LS, EV 88.1 MPH)
|
Batting: RHB Melvin Nava
|
0-0: Called Strike 0-1: Ball 1-1: Ball 2-1: Foul Ball, location: 2F 2-2: SINGLE (Groundball, 4S, EV 66.9 MPH) (infield hit) Eric Kelley scores Ricky Aguilar to third Eric McClelland to second
|
Batting: RHB David Powell
|
0-0: Fielders Choice at 2nd, 5-4 (Groundball, 56, EV 106.9 MPH)
|
Top of the 1st over - 2 runs, 3 hits, 0 errors, 3 left on base; University of Arizona 2 - University of South Carolina 0 |
BOTTOM OF THE 1ST |
University of South Carolina Gamecocks batting - Pitching for University of Arizona Wildcats : LHP Lee Wendt
|
Pitching: LHP Lee Wendt
|
|
Batting: RHB Victor Dominguez
|
0-0: Called Strike 0-1: Ball 1-1: Ground out 3-1 (Groundball, 13, EV 85.6 MPH)
|
Batting: RHB Eddie Dimas
|
0-0: Foul Ball, location: 2F 0-1: Called Strike 0-2: Fly out, F2 (Popup, 23F, EV 87.5 MPH)
|
Batting: RHB Pablo Nunez
|
0-0: Fly out, F7 (Flyball, 7, EV 91.9 MPH)
|
Bottom of the 1st over - 0 runs, 0 hits, 0 errors, 0 left on base; University of Arizona 2 - University of South Carolina 0 |
TOP OF THE 2ND |
University of Arizona Wildcats batting - Pitching for University of South Carolina Gamecocks : RHP Sergio Silva
|
Batting: RHB Valentin Catanho
|
0-0: Foul Ball, location: 2F 0-1: Ball 1-1: Called Strike 1-2: Strikes out swinging, 2-3 out at first.
|
Batting: RHB Costantino Dolfini
|
0-0: Called Strike 0-1: SINGLE (Groundball, 56S, EV 71.2 MPH) (infield hit)
|
Batting: RHB Daniel Wise
|
0-0: Ball 1-0: Fly out, F6 (Popup, 6MS, EV 74.4 MPH)
|
Batting: SHB Eric Kelley
|
0-0: Ball Wild Pitch! Costantino Dolfini to second 1-0: SINGLE (Line Drive, 9S, EV 94.4 MPH) Costantino Dolfini to third Runner from 3rd tries for Home, SAFE, throw by RF to home Eric Kelley to second
|
Batting: RHB Ricky Aguilar
|
0-0: Ball 1-0: Called Strike 1-1: Ball 2-1: Foul Ball, location: 2F 2-2: Foul Ball, location: 2F 2-2: Ball 3-2: Reached on error, E3 (Groundball, 34, EV 85.0 MPH) Eric Kelley scores
|
Batting: RHB Eric McClelland
|
0-0: Swinging Strike 0-1: Foul Ball, location: 2F 0-2: Ball 1-2: Foul Ball, location: 2F 1-2: SINGLE (Line Drive, 9LS, EV 92.5 MPH) Ricky Aguilar to third
|
Batting: RHB Jorge Gonzales
|
0-0: Ball 1-0: Swinging Strike 1-1: Foul Ball, location: 2F 1-2: Strikes out swinging
|
Top of the 2nd over - 2 runs, 3 hits, 1 error, 2 left on base; University of Arizona 4 - University of South Carolina 0 |
BOTTOM OF THE 2ND |
University of South Carolina Gamecocks batting - Pitching for University of Arizona Wildcats : LHP Lee Wendt
|
Batting: RHB Ruben Domingues
|
0-0: Called Strike 0-1: Swinging Strike 0-2: Ball 1-2: Ball 2-2: Strikes out looking
|
Batting: SHB John Husson
|
0-0: Called Strike 0-1: Foul Ball, location: 2F 0-2: Ball 1-2: Ball 2-2: Ball 3-2: Ground out 5-3 (Groundball, 56, EV 99.4 MPH)
|
Batting: LHB Jeremy Nuzzo
|
0-0: Called Strike 0-1: Foul Ball, location: 2F 0-2: Strikes out swinging
|
Bottom of the 2nd over - 0 runs, 0 hits, 0 errors, 0 left on base; University of Arizona 4 - University of South Carolina 0 |
TOP OF THE 3RD |
University of Arizona Wildcats batting - Pitching for University of South Carolina Gamecocks : RHP Sergio Silva
|
Batting: RHB Melvin Nava
|
0-0: SINGLE (Groundball, 4D, EV 101.9 MPH)
|
Batting: RHB David Powell
|
0-0: Ball 1-0: Called Strike 1-1: Called Strike 1-2: Ball 2-2: Strikes out swinging
|
Batting: RHB Valentin Catanho
|
0-0: Ball 1-0: Ball 2-0: Ball 3-0: Called Strike 3-1: DOUBLE (Line Drive, 89D, EV 103.1 MPH) Melvin Nava to third Runner from 3rd tries for Home, SAFE, throw by CF to trailing runner, SAFE at third!
|
Pitching: LHP Keith Rogers
|
|
Batting: RHB Costantino Dolfini
|
0-0: Called Strike 0-1: Ball 1-1: Foul Ball, location: 2F 1-2: Ball 2-2: Ground out 3-1 (Groundball, 34D, EV 85.6 MPH) Valentin Catanho scores
|
Batting: RHB Daniel Wise
|
0-0: Fly out, F9 (Flyball, 89M, EV 89.4 MPH)
|
Top of the 3rd over - 2 runs, 2 hits, 0 errors, 0 left on base; University of Arizona 6 - University of South Carolina 0 |
BOTTOM OF THE 3RD |
University of South Carolina Gamecocks batting - Pitching for University of Arizona Wildcats : LHP Lee Wendt
|
Batting: RHB Hideaki Kawai
|
0-0: Foul Ball, location: 2F 0-1: Ball 1-1: Swinging Strike 1-2: SINGLE (Groundball, 4MS, EV 72.5 MPH) (infield hit)
|
Batting: RHB Gary Talbot
|
0-0: Called Strike 0-1: Swinging Strike 0-2: Foul Ball, location: 2F 0-2: Ball 1-2: Ball 2-2: Ball 3-2: SINGLE (Groundball, 6MS, EV 86.2 MPH) (infield hit) Hideaki Kawai to second
|
Batting: RHB Geoffrey Gonzalez
|
0-0: Ball 1-0: Called Strike 1-1: Called Strike 1-2: Strikes out swinging
|
Batting: RHB Victor Dominguez
|
0-0: Ball 1-0: DOUBLE (Line Drive, 7LS, EV 111.9 MPH) Hideaki Kawai scores Gary Talbot to third
|
Batting: RHB Eddie Dimas
|
0-0: SINGLE (Groundball, 6MD, EV 100.6 MPH) Gary Talbot scores Victor Dominguez to third Runner from 3rd tries for Home, SAFE, throw by CF to home
|
Batting: RHB Pablo Nunez
|
0-0: Fielders Choice at 2nd, 1-6 (Groundball, 13S, EV 67.5 MPH)
|
Batting: RHB Ruben Domingues
|
0-0: Ball 1-0: Fly out, F3 (Popup, 34S, EV 70.6 MPH)
|
Bottom of the 3rd over - 3 runs, 4 hits, 0 errors, 1 left on base; University of Arizona 6 - University of South Carolina 3 |
TOP OF THE 4TH |
University of Arizona Wildcats batting - Pitching for University of South Carolina Gamecocks : LHP Keith Rogers
|
Batting: SHB Eric Kelley
|
0-0: Foul Ball, location: 2F 0-1: Swinging Strike 0-2: Fly out, F7 (Flyball, 78M, EV 89.4 MPH)
|
Batting: RHB Ricky Aguilar
|
0-0: Ball 1-0: Ball 2-0: Foul Ball, location: 2F 2-1: Ball 3-1: Base on Balls
|
Batting: RHB Eric McClelland
|
0-0: Called Strike 0-1: Ball 1-1: Fly out, F7 (Line Drive, 7, EV 83.8 MPH)
|
Batting: RHB Jorge Gonzales
|
0-0: Called Strike 0-1: Foul Ball, location: 2F 0-2: Ball 1-2: Ball 2-2: DOUBLE (Line Drive, 9LS, EV 108.1 MPH) Ricky Aguilar to third Runner from 3rd tries for Home, SAFE, throw by RF to home
|
Batting: RHB Melvin Nava
|
0-0: Ground out 2-3 (Groundball, 15S, EV 73.1 MPH)
|
Top of the 4th over - 1 run, 1 hit, 0 errors, 1 left on base; University of Arizona 7 - University of South Carolina 3 |
BOTTOM OF THE 4TH |
University of South Carolina Gamecocks batting - Pitching for University of Arizona Wildcats : LHP Lee Wendt
|
Batting: SHB John Husson
|
0-0: Ball 1-0: Foul Ball, location: 2F 1-1: Ball 2-1: Ball 3-1: Base on Balls
|
Batting: LHB Jeremy Nuzzo
|
0-0: Called Strike 0-1: DOUBLE (Line Drive, 9LS, EV 110.0 MPH) John Husson to third
|
Batting: RHB Hideaki Kawai
|
0-0: Ball 1-0: Ball 2-0: Ground out 5-3 (Groundball, 56, EV 101.2 MPH) John Husson scores
|
Batting: RHB Gary Talbot
|
0-0: Ball 1-0: Ball 2-0: DOUBLE (Line Drive, 9LM, EV 98.8 MPH) Jeremy Nuzzo scores
|
Pitching: RHP Bill McAskill
|
|
Batting: RHB Geoffrey Gonzalez
|
0-0: Ball 1-0: Ball 2-0: Foul Ball, location: 2F 2-1: SINGLE (Groundball, 13S, EV 71.2 MPH) (infield hit) Gary Talbot to third
|
Batting: RHB Victor Dominguez
|
|
Pinch Hitting: RHB Clark Meagher
|
0-0: Ball 1-0: Called Strike 1-1: Foul Ball, location: 2F 1-2: Ball 2-2: Foul Ball, location: 2F 2-2: Fly out, F9 (Flyball, 9, EV 85.6 MPH) Runner from 3rd tags up, SCORES, throw by RF
|
Batting: RHB Eddie Dimas
|
0-0: Ball 1-0: Fly out, F7 (Flyball, 7LD, EV 95.0 MPH)
|
Bottom of the 4th over - 3 runs, 3 hits, 0 errors, 1 left on base; University of Arizona 7 - University of South Carolina 6 |
TOP OF THE 5TH |
University of Arizona Wildcats batting - Pitching for University of South Carolina Gamecocks : LHP Keith Rogers
|
Now at 2B: Clark Meagher
|
|
Now at 3B: Geoffrey Gonzalez
|
|
Batting: RHB David Powell
|
0-0: Swinging Strike 0-1: Ball 1-1: Ball 2-1: Swinging Strike 2-2: Strikes out looking
|
Batting: RHB Valentin Catanho
|
0-0: Fly out, F9 (Flyball, 9, EV 95.0 MPH)
|
Pinch Hitting: RHB Randy Barry
|
0-0: SINGLE (Groundball, 56S, EV 98.1 MPH)
|
Pinch Hitting: RHB Arnaud Derosiers
|
0-0: Foul Ball, location: 2F 0-1: Ball 1-1: SINGLE (Line Drive, 78S, EV 102.5 MPH) Randy Barry to second
|
Batting: SHB Eric Kelley
|
0-0: Swinging Strike 0-1: Foul Ball, location: 2F 0-2: Ball 1-2: Fly out, F7 (Line Drive, 7, EV 100.0 MPH)
|
Top of the 5th over - 0 runs, 2 hits, 0 errors, 2 left on base; University of Arizona 7 - University of South Carolina 6 |
BOTTOM OF THE 5TH |
University of South Carolina Gamecocks batting - Pitching for University of Arizona Wildcats : RHP Bill McAskill
|
Now at 1B: Arnaud Derosiers
|
|
Now in CF: Zion Campbell
|
|
Batting: RHB Pablo Nunez
|
0-0: Called Strike 0-1: Ball 1-1: SINGLE (Flyball, 6D, EV 96.9 MPH)
|
Batting: RHB Ruben Domingues
|
0-0: Called Strike 0-1: Fly out, F8 (Flyball, 8RXD, EV 105.0 MPH)
|
Batting: SHB John Husson
|
0-0: Ball Pablo Nunez steals 2nd base 1-0: Foul Ball, location: 2F 1-1: SINGLE (Line Drive, 6MD, EV 101.9 MPH) Pablo Nunez to third
|
Batting: LHB Jeremy Nuzzo
|
0-0: Ground out U3 (Groundball, 13, EV 85.6 MPH) John Husson to second
|
Pinch Hitting: SHB Bobby Love
|
0-0: SINGLE (Flyball, 4MD, EV 93.8 MPH) Pablo Nunez scores John Husson to third Runner from 3rd tries for Home, SAFE, throw by CF to home
|
Batting: RHB Gary Talbot
|
0-0: Called Strike 0-1: Ball 1-1: Foul Ball, location: 2F 1-2: Ground out 5-3 (Groundball, 56S, EV 83.1 MPH)
|
Bottom of the 5th over - 2 runs, 3 hits, 0 errors, 1 left on base; University of Arizona 7 - University of South Carolina 8 |
TOP OF THE 6TH |
University of Arizona Wildcats batting - Pitching for University of South Carolina Gamecocks : LHP Keith Rogers
|
Now at SS: Jose Simental
|
|
Batting: RHB Ricky Aguilar
|
0-0: Ball 1-0: Foul Ball, location: 2F 1-1: Swinging Strike 1-2: Foul Ball, location: 2F 1-2: Foul Ball, location: 2F 1-2: Ground out 5-3 (Groundball, 56S, EV 93.1 MPH)
|
Batting: RHB Alexis Graciani
|
0-0: Ground out U3 (Groundball, 13, EV 93.8 MPH)
|
Batting: RHB Jorge Gonzales
|
0-0: Foul Ball, location: 2F 0-1: Ball 1-1: Fly out, F6 (Popup, 6MD, EV 65.6 MPH)
|
Top of the 6th over - 0 runs, 0 hits, 0 errors, 0 left on base; University of Arizona 7 - University of South Carolina 8 |
BOTTOM OF THE 6TH |
University of South Carolina Gamecocks batting - Pitching for University of Arizona Wildcats : RHP Bill McAskill
|
Batting: RHB Geoffrey Gonzalez
|
0-0: Ground out U3 (Groundball, 34S, EV 90.6 MPH)
|
Batting: RHB Clark Meagher
|
0-0: Called Strike 0-1: Ground out 6-3 (Groundball, 56, EV 102.5 MPH)
|
Batting: SHB Jeremy Milner
|
0-0: Ball 1-0: Called Strike 1-1: Foul Ball, location: 2F 1-2: Ground out 6-3 (Groundball, 6, EV 89.4 MPH)
|
Bottom of the 6th over - 0 runs, 0 hits, 0 errors, 0 left on base; University of Arizona 7 - University of South Carolina 8 |
TOP OF THE 7TH |
University of Arizona Wildcats batting - Pitching for University of South Carolina Gamecocks : LHP Keith Rogers
|
Pitching: RHP David Espinosa
|
|
Pinch Hitting: RHB Rob Price
|
0-0: Foul Ball, location: 2F 0-1: Foul Ball, location: 2F 0-2: Ground out 3-1 (Groundball, 34, EV 85.0 MPH)
|
Batting: RHB David Powell
|
0-0: Ball 1-0: SINGLE (Flyball, 8RS, EV 98.8 MPH)
|
Pinch Hitting: RHB Robbie Gautreaux
|
0-0: Called Strike 0-1: Ball 1-1: Called Strike 1-2: Ball 2-2: Strikes out swinging
|
Pinch Hitting: RHB Al Blanchard
|
0-0: Ball 1-0: Ball 2-0: Foul Ball, location: 2F 2-1: Foul Ball, location: 2F 2-2: Strikes out swinging
|
Top of the 7th over - 0 runs, 1 hit, 0 errors, 1 left on base; University of Arizona 7 - University of South Carolina 8 |
BOTTOM OF THE 7TH |
University of South Carolina Gamecocks batting - Pitching for University of Arizona Wildcats : RHP Bill McAskill
|
Pitching: LHP Robin Thurgood
|
|
Now at 2B: Robbie Gautreaux
|
|
Now at 3B: Al Blanchard
|
|
Now in CF: Diego Herrera
|
|
Pinch Hitting: RHB Dustin Bursell
|
0-0: Ball 1-0: Ball 2-0: Ball 3-0: Base on Balls
|
Batting: RHB Ruben Domingues
|
0-0: Called Strike 0-1: Swinging Strike 0-2: Strikes out looking
|
Batting: SHB John Husson
|
0-0: Swinging Strike 0-1: Fly out, F9 (Flyball, 9, EV 91.9 MPH)
|
Batting: LHB Jeremy Nuzzo
|
0-0: SINGLE (Groundball, 5D, EV 95.0 MPH) Dustin Bursell to second
|
Batting: LHB Jose Simental
|
0-0: Ball 1-0: Ball 2-0: Called Strike 2-1: Ball 3-1: Base on Balls Dustin Bursell to third Jeremy Nuzzo to second
|
Batting: RHB Gary Talbot
|
0-0: Ball 1-0: DOUBLE (Line Drive, 78D, EV 111.2 MPH) Dustin Bursell scores Jeremy Nuzzo scores Jose Simental to third
|
Pinch Hitting: RHB Colin Morris
|
0-0: Called Strike 0-1: Ball 1-1: Called Strike 1-2: DOUBLE (Line Drive, 89D, EV 107.5 MPH) Jose Simental scores Gary Talbot scores
|
Pitching: RHP Victor Maravilla
|
|
Batting: RHB Clark Meagher
|
0-0: Called Strike 0-1: Foul Ball, location: 2F 0-2: Strikes out swinging
|
Bottom of the 7th over - 4 runs, 3 hits, 0 errors, 1 left on base; University of Arizona 7 - University of South Carolina 12 |
TOP OF THE 8TH |
University of Arizona Wildcats batting - Pitching for University of South Carolina Gamecocks : RHP David Espinosa
|
Now at 3B: Taro Inamine
|
|
Now in LF: Jay Mellon
|
|
Now in CF: Ruben Domingues
|
|
Batting: RHB Arnaud Derosiers
|
0-0: Ground out 1-3 (Groundball, 34S, EV 68.8 MPH)
|
Pinch Hitting: RHB Jesus Diego
|
0-0: Called Strike 0-1: Called Strike 0-2: Foul Ball, location: 2F 0-2: Strikes out swinging
|
Batting: RHB Ricky Aguilar
|
0-0: DOUBLE (Groundball, 5L, EV 103.1 MPH)
|
Batting: RHB Rafael Galicia
|
0-0: Swinging Strike 0-1: Ground out 1-3 (Groundball, 34S, EV 61.9 MPH)
|
Top of the 8th over - 0 runs, 1 hit, 0 errors, 1 left on base; University of Arizona 7 - University of South Carolina 12 |
BOTTOM OF THE 8TH |
University of South Carolina Gamecocks batting - Pitching for University of Arizona Wildcats : RHP Victor Maravilla
|
Now in LF: Jesus Diego
|
|
Batting: SHB Jeremy Milner
|
0-0: SINGLE (Groundball, 6MD, EV 94.4 MPH)
|
Batting: RHB Jay Mellon
|
0-0: Called Strike 0-1: Ball 1-1: Called Strike 1-2: Ball 2-2: Fly out, F8 (Flyball, 78M, EV 83.8 MPH)
|
Batting: RHB Ruben Domingues
|
0-0: Called Strike 0-1: Reached on error, E6 (Groundball, 6, EV 90.6 MPH) Jeremy Milner to second
|
Batting: SHB John Husson
|
0-0: Ball 1-0: Fly out, F9 (Line Drive, 9, EV 94.4 MPH)
|
Pinch Hitting: LHB Carlos Rivera
|
0-0: Ball 1-0: Called Strike 1-1: Ball 2-1: Foul Ball, location: 2F 2-2: Ball 3-2: Foul Ball, location: 2F 3-2: Foul Ball, location: 2F 3-2: Strikes out looking
|
Bottom of the 8th over - 0 runs, 1 hit, 1 error, 2 left on base; University of Arizona 7 - University of South Carolina 12 |
TOP OF THE 9TH |
University of Arizona Wildcats batting - Pitching for University of South Carolina Gamecocks : RHP David Espinosa
|
Pitching: RHP Victor Puente
|
|
Now in RF: Carlos Rivera
|
|
Batting: RHB Jorge Gonzales
|
0-0: Ball 1-0: Ball 2-0: Ball 3-0: Called Strike 3-1: Called Strike 3-2: Foul Ball, location: 2F 3-2: Base on Balls
|
Batting: RHB Diego Herrera
|
0-0: Called Strike 0-1: Called Strike 0-2: Foul Ball, location: 2F 0-2: Foul Ball, location: 2F 0-2: Strikes out swinging
|
Pinch Hitting: RHB Shing Mah
|
0-0: Called Strike 0-1: Called Strike 0-2: Ball 1-2: Foul Ball, location: 2F 1-2: Foul Ball, location: 2F 1-2: Ball 2-2: Strikes out looking
|
Pinch Hitting: RHB Mario Morales
|
0-0: Called Strike 0-1: SINGLE (Groundball, 4M, EV 112.5 MPH) Jorge Gonzales to second
|
Batting: RHB Al Blanchard
|
0-0: Called Strike 0-1: SINGLE (Flyball, 89S, EV 93.1 MPH) Jorge Gonzales to third Mario Morales to second
|
Pitching: RHP Kareem Linz
|
|
Batting: RHB Arnaud Derosiers
|
0-0: Swinging Strike 0-1: Ball 1-1: Swinging Strike 1-2: Ball 2-2: Foul Ball, location: 2F 2-2: Ball 3-2: Foul Ball, location: 2F 3-2: Strikes out swinging
|
Top of the 9th over - 0 runs, 2 hits, 0 errors, 3 left on base; University of Arizona 7 - University of South Carolina 12 |
|